 Dungeon Crawl Stone Soup version 0.22.1-6-g1668fe2 (console) character file.

3103 potiron the Spear-Bearer (level 9, -4/72 (74) HPs)
             Began as a Naga Skald on Jan 18, 2019.
             Was a Priest of Cheibriados.
             Slain by a centaur (8 damage)
             ... on level 8 of the Dungeon.
             The game lasted 00:47:06 (7127 turns).

potiron the Spear-Bearer (Naga Skald)               Turns: 7127, Time: 00:47:07

HP:   -4/72 (74)    AC:  5    Str: 22    XL:     9   Next: 90%
MP:   14/22         EV: 11    Int: 24    God:    Cheibriados [***...]
Gold: 417           SH:  0    Dex: 19    Spells: 6/14 levels left

rFire    . . .     SeeInvis +   a - +0 trident
rCold    . . .     Gourm    .   (no shield)
rNeg     . . .     Faith    .   c - +0 robe
rPois    +         Spirit   .   (no helmet)
rElec    .         Reflect  .   (no cloak)
rCorr    .         Harm     .   q - +0 pair of gloves
MR       +....                  (no barding)
Stlth    ++........             (no amulet)
HPRegen  0.00/turn              (no ring)
MPRegen  0.18/turn              r - ring of magical power

@: singing, recuperating (expiring), diseased, very slow
A: large, see invisible, deformed body, poison resistance, slowness 2, slow
metabolism 1, spit poison 1, AC +3
a: Spit Poison, Bend Time, Temporal Distortion, Renounce Religion


You were on level 8 of the Dungeon.
You worshipped Cheibriados.
Cheibriados was most pleased with you.
You were very hungry.

You visited 2 branches of the dungeon, and saw 9 of its levels.
You also visited: Sewer.

You collected 428 gold pieces.
You donated 11 gold pieces to Zin.

Inventory:

Hand Weapons
 a - a +0 trident (weapon)
 l - a +0 spear
Missiles
 h - 7 poisoned needles
 p - 32 bolts
Armour
 b - a +0 leather armour
 c - a +0 robe (worn)
 q - a +0 pair of gloves (worn)
Jewellery
 r - a ring of magical power (right hand)
Scrolls
 f - 5 scrolls of identify
 i - 2 scrolls of random uselessness
 k - 6 scrolls of teleportation
 m - a scroll of magic mapping
 n - a scroll of amnesia
 s - 2 scrolls of remove curse
 u - a scroll of enchant weapon {unknown}
 v - a scroll of vulnerability {unknown}
 w - a scroll of immolation {unknown}
 x - a scroll of fear
Potions
 g - 3 potions of lignification {unknown}
 j - a potion of invisibility {unknown}
 o - 6 potions of flight
 t - a potion of ambrosia {unknown}
Comestibles
 d - 19 rations


   Skills:
 - Level 2.8 Fighting
 + Level 9.0 Polearms
 - Level 1.0 Armour
 - Level 2.1 Dodging
 - Level 1.0 Stealth
 - Level 3.0 Spellcasting
 - Level 3.2 Hexes
 + Level 7.0 Charms
 - Level 1.9 Necromancy
 + Level 6.0 Invocations


You had 6 spell levels left.
You knew the following spells:

 Your Spells              Type           Power        Failure   Level  Hunger
r - Regeneration          Chrm/Necr      ####......   4%          3    ###....
s - Song of Slaying       Chrm           #####...     1%          2    ##.....
w - Spectral Weapon       Hex/Chrm       ####....     4%          3    ###....

Your spell library contained the following spells:

 Spells                   Type           Power        Failure   Level  Hunger
 Infusion                 Chrm           ####         1%          1    None
 Confusing Touch          Hex            ###...       2%          1    None
 Shroud of Golubria       Chrm/Tloc      ###.......   3%          2    ##.....
 Confuse                  Hex            ###.....     9%          3    ###....
 Gell's Gravitas          Tloc           #.........   32%         3    ###....
 Petrify                  Tmut/Erth      #.......     71%         4    ####...
 Metabolic Englaciation   Hex/Ice        ##........   83%         5    ######.
 Yara's Violent Unravell  Hex/Tmut       ##........   83%         5    ######.


Dungeon Overview and Level Annotations

Branches:
Dungeon (8/15)             Temple (1/1) D:4
   Lair: D:8-11

Altars:
Ashenzari
Cheibriados
Dithmenos
Elyvilon
Fedhas
Gozag
Hepliaklqana
Kikubaaqudgha
Makhleb
Nemelex Xobeh
Okawaru
Qazlal
Ru
Sif Muna
Trog
Uskayaw
Vehumet
Wu Jian
Xom
Yredelemnul
Zin
The Shining One

Annotations:
D:6 Dowan, Grinder


Innate Abilities, Weirdness & Mutations

You cannot wear boots.
Your serpentine skin is tough. (AC +3)
You have supernaturally acute eyesight. (SInv)
Armour fits poorly on your strangely shaped body.
Your system is resistant to poisons. (rPois)
You cover ground very slowly.
You have a slow metabolism.
You can spit poison.


Message History

* * * LOW HITPOINT WARNING * * *
The adder bites you.
* * * LOW HITPOINT WARNING * * *
The hound barely misses you. The centaur closely misses you.
The adder bites you but does no damage.
Okay, then.
Unknown command.
Unknown command.
Unknown command.
You warp the flow of time around you!
You are feeling very hungry.
Okay, then.
Unknown command.
Unknown command.
Unknown command.
Unknown command.
Unknown command.
Your skin is crawling a little less now.
The centaur closely misses you. The centaur hits you!
You die...

.. .# .#
.. h# .#
####.#(#
#c@S...#
###.##..##
#...# #.#
##.### .#
##..# #
#.<## #.##
##


You could see a centaur and an adder.

Vanquished Creatures
  3 hippogriffs
  Sigmund (D:6)
  A hungry ghost (D:5)
  Menkaure (D:4)
  Duvessa (D:6)
  A water moccasin (D:6)
  2 ice beasts
  2 sky beasts
  A black bear (D:6)
  A necrophage (D:8)
  2 ogres
  A big kobold (D:7)
  3 bullfrogs
  2 scorpions
  A water moccasin skeleton (D:5)
  2 howler monkeys
  A crimson imp (D:5)
  2 hounds
  A centaur skeleton (D:7)
  3 orc priests
  An iguana (D:7)
  A merfolk siren (Sewer)
  2 orc wizards (D:5)
  2 worker ants
  A merfolk avatar (Sewer)
  A hound skeleton (D:5)
  A worker ant zombie (D:6)
  4 gnolls (D:6)
  15 adders
  3 river rats (Sewer)
  2 adder zombies (D:6)
  An adder skeleton (D:6)
  2 worms
  2 dart slugs
  4 leopard geckos
  14 orcs
  6 ball pythons
  6 bats
  5 giant cockroaches
  7 goblins
  5 hobgoblins
  10 jackals
  5 quokkas
  12 frilled lizards
  14 kobolds
  A leopard gecko skeleton (D:7)
  A leopard gecko zombie (D:5)
  A quokka skeleton (D:4)
  A quokka zombie (D:6)
  39 rats
201 creatures vanquished.

Vanquished Creatures (others)
  3 spectral weapons
3 creatures vanquished.

Grand Total: 204 creatures vanquished

Notes
Turn   | Place    | Note
-------+----------+-------------------------------------------
     0 | D:1      | potiron the Naga Skald began the quest for the Orb.
     0 | D:1      | Reached XP level 1. HP: 19/19 MP: 3/3
    47 | D:1      | Reached XP level 2. HP: 19/26 MP: 0/5
   512 | D:1      | Reached XP level 3. HP: 32/32 MP: 3/6
   517 | D:1      | Learned a level 3 spell: Spectral Weapon
   908 | D:2      | Reached skill level 1 in Armour
  1326 | D:2      | Reached XP level 4. HP: 36/39 MP: 3/7
  1330 | D:2      | Learned a level 2 spell: Song of Slaying
  1335 | D:2      | Learned a level 3 spell: Regeneration
  1435 | D:2      | Reached skill level 1 in Hexes
  2047 | D:2      | Noticed an angel
  2048 | D:2      | Found a glowing silver altar of Zin.
  2053 | D:2      | Became a worshipper of Zin the Law-Giver
  2155 | D:3      | Reached * piety under Zin
  2173 | D:3      | Noticed a hippogriff
  2440 | D:3      | Reached XP level 5. HP: 24/46 MP: 8/8
  2893 | D:4      | Found a staircase to the Ecumenical Temple.
  2893 | D:4      | Found a glowing drain.
  2902 | Temple   | Entered the Ecumenical Temple
  2922 | Sewer    | Entered a sewer
  3132 | Sewer    | HP: 1/46 [river rat (7)]
  3397 | Sewer    | Fell from the grace of Zin
  3416 | Sewer    | Reached XP level 6. HP: 55/55 MP: 6/10
  3488 | Sewer    | Reached skill level 1 in Necromancy
  3911 | D:4      | Noticed Menkaure
  3980 | D:4      | Found a hazy altar of Hepliaklqana.
  3981 | D:4      | Found a snail-covered altar of Cheibriados.
  3988 | D:4      | Became a worshipper of Cheibriados the Contemplative
  4014 | D:4      | Reached skill level 3 in Polearms
  4154 | D:4      | Reached skill level 1 in Stealth
  4191 | D:4      | Killed Menkaure
  4191 | D:4      | Reached skill level 1 in Invocations
  4191 | D:4      | Reached XP level 7. HP: 32/61 MP: 7/11
  4311 | D:5      | Entered Level 5 of the Dungeon
  4378 | D:5      | Noticed a hungry ghost
  4390 | D:5      | Killed a hungry ghost
  4390 | D:5      | Reached skill level 4 in Polearms
  4414 | D:5      | Reached skill level 5 in Polearms
  4645 | D:5      | Reached * piety under Cheibriados
  4651 | D:5      | Reached XP level 8. HP: 37/68 MP: 2/12
  4801 | D:5      | Reached skill level 6 in Polearms
  5276 | D:6      | Reached skill level 7 in Polearms
  5382 | D:6      | Reached ** piety under Cheibriados
  5721 | D:6      | Found an opulent altar of Gozag.
  5727 | D:6      | Reached skill level 5 in Charms
  5735 | D:6      | Noticed Duvessa
  5760 | D:6      | Noticed Dowan
  5777 | D:6      | Killed Duvessa
  6060 | D:6      | Noticed Sigmund
  6065 | D:6      | Reached XP level 9. HP: 74/74 MP: 9/13
  6070 | D:6      | Killed Sigmund
  6070 | D:6      | Reached skill level 8 in Polearms
  6216 | D:6      | Found a bloodstained altar of Trog.
  6238 | D:6      | Noticed Grinder
  6335 | D:7      | Reached *** piety under Cheibriados
  6499 | D:7      | Reached skill level 5 in Invocations
  6500 | D:7      | Found a basalt altar of Yredelemnul.
  7052 | D:8      | Noticed a two-headed ogre
  7122 | D:8      | Reached skill level 9 in Polearms
  7127 | D:8      | Slain by a centaur

Skill      XL: |  1  2  3  4  5  6  7  8  9 |
---------------+----------------------------+-----
Armour         | 1 |  1.0
Hexes          | 2 3 |  3.2
Dodging        | 2 |  2.1
Necromancy     | 1 |  1.9
Charms         | 4 5 7 |  7.0
Polearms       | 3 5 7 9 |  9.0
Stealth        | 1 |  1.0
Spellcasting   | 3 |  3.0
Invocations    | 1 3 6 |  6.0
Fighting       | |  2.8

Action                   |  1- 3 |  4- 6 |  7- 9 || total
-------------------------+-------+-------+-------++-------
Melee: Spear             |   139 |   162 |       ||   301
       Trident           |       |    58 |   294 ||   352
 Cast: Infusion          |     6 |       |       ||     6
       Spectral Weapon   |     6 |    25 |    36 ||    67
       Song of Slaying   |       |     4 |     9 ||    13
       Regeneration      |       |     1 |    16 ||    17
Invok: Recite            |       |     1 |       ||     1
       Renounce Religion |       |     1 |       ||     1
       Temporal Distorti |       |       |     1 ||     1
 Abil: Spit Poison       |     1 |     1 |     8 ||    10
  Use: Potion            |     3 |     1 |     9 ||    13
       Scroll            |     2 |     3 |     1 ||     6
 Stab: Distracted        |     1 |       |     1 ||     2
       Sleeping          |       |       |     2 ||     2
  Eat: Chunk             |     1 |    13 |    11 ||    25
       Ration            |       |       |     1 ||     1
Armor: Leather armour    |    32 |       |       ||    32
       Robe              |     1 |    37 |    54 ||    92
Dodge: Dodged            |    66 |   111 |   121 ||   298
